[Event "45th FIDE Olympiad 2024"]
[Site "Budapest"]
[Date "2024.09.18"]
[Round "7.8"]
[White "Mwale, George"]
[Black "Piva, Michele"]
[Result "1-0"]
[WhiteElo "2056"]
[BlackElo "1721"]
[PlyCount "77"]
[EventDate "2024.09.05"]
[EventType "team-tourn"]
[EventCountry "HUN"]
[WhiteTeam "Malawi"]
[BlackTeam "San Marino"]
[WhiteTeamCountry "MWI"]
[BlackTeamCountry "SMR"]
[TimeControl "40/5400+30:1800+30"]

1. Nf3 d5 2. d4 Nf6 3. g3 Bf5 4. Bg2 e6 5. O-O Be7 6. c4 O-O 7. Nc3 c6 8. cxd5 cxd5 9. Qb3 b6 10. Bf4 Nc6 11. Rac1 Na5 12. Qd1 a6 13. Na4 Ne4 14. Bc7 Qd7 15. Nxb6 Qb5 16. Nxa8 Rxa8 17. Bxa5 Qxa5 18. Qb3 Bb4 19. a3 Nd2 20. axb4 Nxb3 21. bxa5 Nxc1 22. Rxc1 f6 23. Nh4 Bg4 24. f3 Bh5 25. Bh3 Bf7 26. Rc6 f5 27. Bf1 g5 28. Ng2 Kg7 29. e3 Kf6 30. Rxa6 Rc8 31. Rb6 Be8 32. a6 Ra8 33. b4 h5 34. b5 Ke7 35. Rb7+ Kd8 36. b6 Bd7 37. a7 Kc8 38. Ba6 g4 39. Rb8# 1-0

[Event "45th FIDE Olympiad 2024"]
[Site "Budapest"]
[Date "2024.09.18"]
[Round "7.9"]
[White "Maghsoodloo, Parham"]
[Black "Le, Quang Liem"]
[Result "1/2-1/2"]
[ECO "C65"]
[WhiteElo "2723"]
[BlackElo "2741"]
[Annotator "TA"]
[PlyCount "83"]
[EventDate "2024.09.05"]
[EventType "team-tourn"]
[EventCountry "HUN"]
[SourceTitle "playchess.com"]
[Source "ChessBase"]
[SourceQuality "1"]
[WhiteTeam "Iran"]
[BlackTeam "Vietnam"]
[WhiteTeamCountry "IRI"]
[BlackTeamCountry "VIE"]
[TimeControl "40/5400+30:1800+30"]

1. e4 e5 2. Nf3 Nc6 3. Bb5 Nf6 4. d3 Bc5 5. Bxc6 dxc6 6. Nbd2 (6. Nxe5 $2 {is the wrong capture.} Qd4 7. Qe2 Qxe5 $19) 6... Nd7 7. O-O O-O 8. Nc4 Re8 9. a4 a5 10. Kh1 b6 11. Be3 Bb4 12. Rg1 b5 13. Na3 Ba6 14. Nb1 Bb7 15. Nfd2 Nb6 16. b3 Qd7 17. Qe2 Nc8 18. f3 Ne7 19. Qf2 Ng6 20. Nf1 Nf4 21. Ng3 g6 22. d4 {[%emt 0:01:46] dxe5 would now be deadly.} Bd6 23. Nc3 b4 24. dxe5 Bxe5 25. Rad1 Qe7 26. Nce2 Nxe2 27. Nxe2 Rad8 28. Bc5 Bd6 29. Bxd6 cxd6 30. Qb6 d5 31. Ng3 h5 32. exd5 $1 (32. Qxa5 $2 {loses.} h4 33. Nf5 gxf5 34. exd5 Rxd5 (34... cxd5 $2 35. Qb5 $19) 35. Rxd5 cxd5 $19) 32... cxd5 33. h3 ({Reject} 33. Qxa5 h4 34. Nf1 h3 $17) 33... Rc8 34. Rge1 Qxe1+ 35. Rxe1 Rxe1+ 36. Kh2 h4 (36... Rxc2 {seems wilder.} 37. Qxb7 h4 38. Qa8+ Kg7) 37. Qxb7 hxg3+ 38. Kxg3 Rxc2 39. Qxd5 (39. Qa8+ $1 $14 Kg7 40. Qxa5) 39... Rb1 $11 {[%emt 0:04:20] The position is equal.} 40. Qd8+ Kg7 41. Qd4+ Kg8 42. Qd8+ {[%emt 0:00:13] Weighted Error Value: White=0.05 (flawless) /Black=0.04 (flawless) .  Mistake:       	White=1     	---        OK:         	White=17    	Black=18     Best:        	White=1     	Black=2      Strong:       	White=1     	---} 1/2-1/2

[Event "45th FIDE Olympiad 2024"]
[Site "Budapest"]
[Date "2024.09.18"]
[Round "7.9"]
[White "Van Bemmelen, Ursus"]
[Black "Asante, Debesai Zerabruk"]
[Result "0-1"]
[WhiteElo "2146"]
[BlackElo "1908"]
[PlyCount "112"]
[EventDate "2024.09.05"]
[EventType "team-tourn"]
[EventCountry "HUN"]
[WhiteTeam "Netherlands Antilles"]
[BlackTeam "Eritrea"]
[WhiteTeamCountry "AHO"]
[BlackTeamCountry "ERI"]
[TimeControl "40/5400+30:1800+30"]

1. c4 Nf6 2. Nc3 g6 3. g3 Bg7 4. Bg2 O-O 5. e4 d6 6. Nge2 c5 7. d3 Nc6 8. O-O Bg4 9. h3 Bxe2 10. Nxe2 Ne8 11. Rb1 Nc7 12. Kh2 Ne6 13. f4 Ned4 14. Nc3 f5 15. Be3 Rb8 16. Qd2 a6 17. Rbe1 Qd7 18. Bf2 Kh8 19. b3 b5 20. exf5 gxf5 21. Nd5 Rfe8 22. Qd1 e6 23. Ne3 Bh6 24. Qh5 Qg7 25. Bg1 Qg6 26. Qxg6 hxg6 27. g4 Kg8 28. Bxc6 Nxc6 29. Nc2 Bg7 30. Re2 Kf7 31. Kg3 Bf6 32. Be3 Re7 33. Kg2 Rbe8 34. Ref2 Rd7 35. Rh1 Bh4 36. Rff1 Rde7 37. Bf2 Bf6 38. Be3 e5 39. gxf5 gxf5 40. fxe5 Rxe5 41. Rf3 Nb4 42. Nxb4 cxb4 43. Bf4 Re2+ 44. Rf2 Bd4 45. Rxe2 Rxe2+ 46. Kf3 Rf2+ 47. Kg3 Rxa2 48. cxb5 axb5 49. Bxd6 Rb2 50. Kf4 Ke6 51. Bxb4 Be5+ 52. Ke3 f4+ 53. Ke4 Re2+ 54. Kf3 Re3+ 55. Kg4 Rg3+ 56. Kh4 Rg8 {0-} 0-1

[Event "45th FIDE Olympiad 2024"]
[Site "Budapest"]
[Date "2024.09.18"]
[Round "7.10"]
[White "Nguyen, Ngoc Truong Son"]
[Black "Tabatabaei, M. Amin"]
[Result "1/2-1/2"]
[ECO "D35"]
[WhiteElo "2633"]
[BlackElo "2714"]
[Annotator "TA"]
[PlyCount "60"]
[EventDate "2024.09.05"]
[EventType "team-tourn"]
[EventCountry "HUN"]
[SourceTitle "playchess.com"]
[Source "ChessBase"]
[SourceQuality "1"]
[WhiteTeam "Vietnam"]
[BlackTeam "Iran"]
[WhiteTeamCountry "VIE"]
[BlackTeamCountry "IRI"]
[TimeControl "40/5400+30:1800+30"]

1. d4 d5 2. c4 e6 3. Nc3 Be7 4. cxd5 exd5 5. Bf4 c6 6. e3 Bf5 7. Bd3 Bxd3 8. Qxd3 Nf6 9. Nf3 O-O 10. O-O Re8 11. h3 Nbd7 12. Rab1 a5 13. Qc2 Bf8 14. a3 h6 15. Rfe1 Rc8 16. Rbd1 b5 17. Ne5 Nxe5 18. Bxe5 Nd7 19. Bg3 Nb6 20. a4 Bb4 {[%emt 0:02:10] Threatens to win with ...Nxa4.} 21. Re2 $1 Bxc3 22. Qxc3 Nxa4 23. Qe1 Ra8 24. Ra1 Nb6 25. Rxa5 Nd7 26. Ra1 c5 27. Rxa8 Qxa8 28. dxc5 Nxc5 29. Qb4 Qa4 30. Qxa4 bxa4 {[%emt 0:00:07] Weighted Error Value: White=0.03 (flawless) /Black=0.04 (flawless) .  Inaccurate:     	---       	Black=1      OK:         	White=6     	Black=7      Best:        	White=1     	---        Strong:       	White=1     	---} 1/2-1/2

[Event "45th FIDE Olympiad 2024"]
[Site "Budapest"]
[Date "2024.09.18"]
[Round "7.10"]
[White "Kibrom, Weldegebriel Beraki"]
[Black "Capella, Rurik"]
[Result "1-0"]
[WhiteElo "1885"]
[BlackElo "1971"]
[PlyCount "118"]
[EventDate "2024.09.05"]
[EventType "team-tourn"]
[EventCountry "HUN"]
[WhiteTeam "Eritrea"]
[BlackTeam "Netherlands Antilles"]
[WhiteTeamCountry "ERI"]
[BlackTeamCountry "AHO"]
[TimeControl "40/5400+30:1800+30"]

1. d4 d6 2. Nf3 g6 3. c4 Bg7 4. Nc3 Nf6 5. e4 O-O 6. Be2 e5 7. d5 Na6 8. Bg5 h6 9. Bh4 Qe8 10. Nd2 Nxe4 11. Ndxe4 f5 12. f3 g5 13. Bf2 fxe4 14. Nxe4 Bf5 15. O-O g4 16. Rc1 Qg6 17. Ng3 gxf3 18. Bxf3 Bd3 19. Re1 Rf4 20. Bh5 Qh7 21. b3 Nb4 22. Qd2 Nc2 23. Red1 Raf8 24. Qxd3 Qxd3 25. Rxd3 Rxf2 26. Bf3 Nb4 27. Re3 Rxa2 28. Nh5 Bf6 29. Be4 Bg5 30. Rg3 Kh8 31. Rd1 Re2 32. Bf3 Re3 33. Rg4 Rxb3 34. h4 Be3+ 35. Kh2 Nd3 36. Rg6 Bf4+ 37. g3 Rb2+ 38. Bg2 Nf2 39. Re1 Nd3 40. Rf1 e4 41. Nxf4 e3 42. Rxh6+ Kg7 43. Rg6+ Kh7 44. Re6 Ne5 45. Kh3 e2 46. Re1 Rb3 47. Be4+ Kg8 48. Kg2 Re3 49. Rxe2 Rxe2+ 50. Nxe2 Nxc4 51. Nd4 Ne5 52. h5 a5 53. Nf5 Ng4 54. Rg6+ Kf7 55. Rxg4 Kf6 56. Nd4 Rh8 57. Rf4+ Ke7 58. g4 a4 59. Nb5 Ra8 1-0

[Event "45th FIDE Olympiad 2024"]
[Site "Budapest"]
[Date "2024.09.18"]
[Round "7.11"]
[White "Daneshvar, Bardiya"]
[Black "Le, Tuan Minh"]
[Result "1/2-1/2"]
[ECO "A13"]
[WhiteElo "2598"]
[BlackElo "2564"]
[Annotator "TA"]
[PlyCount "165"]
[EventDate "2024.09.05"]
[EventType "team-tourn"]
[EventCountry "HUN"]
[SourceTitle "playchess.com"]
[Source "ChessBase"]
[SourceQuality "1"]
[WhiteTeam "Iran"]
[BlackTeam "Vietnam"]
[WhiteTeamCountry "IRI"]
[BlackTeamCountry "VIE"]
[TimeControl "40/5400+30:1800+30"]

1. c4 e6 2. g3 d5 3. Bg2 dxc4 4. Qa4+ c6 5. Qxc4 b5 6. Qc2 {[%emt 0:01:35] A13: English Opening: 1...e6.} Nf6 7. a4 b4 8. b3 $146 ({Predecessor:} 8. d3 Bb7 9. Nd2 Nbd7 10. Nc4 a5 11. Bf4 Nc5 12. Nf3 Nd5 13. Bd2 b3 14. Qd1 {1-0 Gombocz,F (2191)-Ragnarsson,J (1916) EU-ch 21st Reykjavik 2021 (4)}) 8... Be7 9. Bb2 Bb7 10. d3 O-O 11. Nd2 Qd7 12. Ngf3 c5 13. Ne5 Qc7 14. Bxb7 Qxb7 15. O-O Nfd7 16. Rac1 Nxe5 17. Bxe5 Nc6 18. Bb2 Rac8 19. Qc4 Rfd8 20. Qg4 Bf8 21. Nc4 Qe7 22. h4 g6 23. Qg5 Bg7 24. Qxe7 Nxe7 25. Rc2 Nc6 26. Rfc1 f5 27. f4 Bxb2 28. Rxb2 Kg7 29. Kf2 Kf6 30. Nd2 Rd5 31. Nf3 h6 32. Rbc2 Na5 33. Rb1 Nc6 34. Rbc1 Na5 35. Rb2 Nc6 36. Rc4 Na5 37. Rcc2 Nc6 38. Rc1 Kg7 39. h5 gxh5 40. Rh1 Kg6 41. Nh4+ Kg7 42. Ng2 Kg6 43. Rbb1 Kg7 (43... Nb8 $14) 44. Ne3 $16 Rd7 45. Rxh5 Ne7 46. Rbh1 Rh8 47. Rc1 Rc7 48. g4 Rf8 49. Rg1 fxg4 50. Nxg4 Rxf4+ 51. Ke3 Rd4 52. Kd2 Rd5 53. Nxh6+ Kf8 54. Rh4 Rd4 (54... Nc6 $142) 55. Rh3 Rf4 56. Rg5 Ke8 57. Ng4 Nc6 (57... Kd7 $16 {keeps fighting.} 58. Ne5+ Kc8) 58. Ne5 $2 ({Better is} 58. e3 $18 Rf1 59. Rxc5) 58... Na5 ({Black should play} 58... Nxe5 $14 59. Rxe5 Ke7) 59. Kc2 $1 $18 Nb7 60. Rh6 Nd8 61. Ng6 Rf5 (61... Rd4 $142 62. Ne5 Rf4) 62. Rh8+ $18 Kd7 63. Ne5+ Kd6 64. Nc4+ ({Weaker is} 64. Rxd8+ Kxe5 65. Rg3 Rh5 $16) 64... Kd7 65. Rxf5 (65. Rgg8 $18 Nf7 66. Rh7) 65... exf5 $16 66. Ne3 Nc6 67. Rh7+ Kd8 $1 68. Rh8+ Kd7 69. Nxf5 Ke6 70. Rh5 $1 Rf7 71. e4 $1 Rf6 72. Rg5 Ke5 {[%emt 0:00:54] [#]} 73. Kd2 $1 Kf4 {[%emt 0:00:13] [#]} 74. Rg1 (74. Rg7 $1 $16) 74... Na5 $1 $11 75. Kc2 Rf8 76. Rf1+ Ke5 77. Rf2 Nc6 78. Rh2 Rg8 79. Kb2 Rg1 80. Rc2 Kf4 81. Rf2+ (81. Rxc5 $5 Ne5 $8 82. Rd5 $11) 81... Ke5 82. Rc2 Kf4 83. Rf2+ 1/2-1/2

[Event "45th FIDE Olympiad 2024"]
[Site "Budapest"]
[Date "2024.09.18"]
[Round "7.11"]
[White "Van Opstal, Rurik"]
[Black "Lilay, Weldu Gebru"]
[Result "1-0"]
[WhiteElo "2006"]
[BlackElo "1977"]
[PlyCount "63"]
[EventDate "2024.09.05"]
[EventType "team-tourn"]
[EventCountry "HUN"]
[WhiteTeam "Netherlands Antilles"]
[BlackTeam "Eritrea"]
[WhiteTeamCountry "AHO"]
[BlackTeamCountry "ERI"]
[TimeControl "40/5400+30:1800+30"]

1. e4 c5 2. Nf3 Nc6 3. d4 cxd4 4. Nxd4 Nxd4 5. Qxd4 e6 6. Nc3 d6 7. Be3 Bd7 8. O-O-O Qa5 9. Bc4 Nf6 10. f4 e5 11. Qd3 a6 12. h3 Be7 13. g4 Bc6 14. g5 Nd7 15. h4 Rc8 16. f5 b5 17. Bb3 b4 18. Nd5 Bxd5 19. Bxd5 Nc5 20. Bxc5 Qxc5 21. Qb3 f6 22. Bf7+ Kf8 23. Rd2 a5 24. Qe6 fxg5 25. Kb1 gxh4 26. Ka1 a4 27. Bh5 g6 28. fxg6 hxg6 29. Qxg6 Rxh5 30. Rf1+ Bf6 31. Rxf6+ Ke7 32. Qg7+ 1-0

[Event "45th FIDE Olympiad 2024"]
[Site "Budapest"]
[Date "2024.09.18"]
[Round "7.12"]
[White "Banh, Gia Huy"]
[Black "Idani, Pouya"]
[Result "0-1"]
[ECO "D02"]
[WhiteElo "2425"]
[BlackElo "2599"]
[Annotator "TA"]
[PlyCount "74"]
[EventDate "2024.09.05"]
[EventType "team-tourn"]
[EventCountry "HUN"]
[SourceTitle "playchess.com"]
[Source "ChessBase"]
[SourceQuality "1"]
[WhiteTeam "Vietnam"]
[BlackTeam "Iran"]
[WhiteTeamCountry "VIE"]
[BlackTeamCountry "IRI"]
[TimeControl "40/5400+30:1800+30"]

1. d4 d5 2. Nf3 Nf6 3. Bf4 c5 4. e3 Nc6 5. Nbd2 cxd4 6. exd4 a6 7. Nb3 Bg4 8. h3 {[%emt 0:03:48] The position is equal.} Bxf3 9. Qxf3 e6 10. c3 Bd6 11. Bd3 Bxf4 12. Qxf4 O-O 13. O-O Nd7 14. Rfe1 Re8 15. Re3 Rc8 16. Rae1 Ne7 17. Rf3 Rf8 18. Rg3 Ng6 19. Bxg6 hxg6 20. h4 Nf6 21. Rh3 Qc7 22. Qg5 Ne4 23. Qe3 Rce8 24. h5 g5 25. f3 (25. h6 $5 f5 26. Nc5 $14) 25... g4 $1 26. fxg4 f5 27. Nd2 fxg4 28. Rh4 $2 {[%emt 0:05:04] [#]} (28. Rh2 $1 $11) 28... Nxd2 $1 $19 29. Qxd2 Qg3 30. Rh1 e5 (30... Rf3 $19 {And now ...Ref8 would win.} 31. h6 Ref8) 31. Re3 $17 Qf4 {[%emt 0:02:39] aiming for ...exd4. Black is much more active.} 32. Qe2 Qg5 {[%emt 0:03:43] Dodges Rh4} 33. dxe5 {[%emt 0:01:48][%mdl 8192] [#] Now White is beyond hope.} (33. Rxe5 $2 Qc1+ 34. Kh2 g3+ 35. Kxg3 Rxe5 (35... Qxh1 $2 36. Rxe8 Rxe8 37. Qxe8+ Kh7 38. Qg6+ Kh8 39. h6 $18) 36. Qxe5 Qxh1 $19) (33. h6 $17) 33... Rf5 $1 $19 34. Rg3 Qc1+ {[%emt 0:00:18] Black mates.} (34... Rfxe5 35. Qxg4 Qc1+ 36. Kh2 $17) 35. Kh2 Rxh5+ 36. Rh3 Qf4+ (36... Rhxe5 37. Qxg4 Qg5 38. Qxg5 Rxg5 39. Rb1 $19) 37. Kg1 Rexe5 {[%emt 0:01:08] Weighted Error Value: White=0.46/Black=0.08 (flawless) .  Loses game:     	White=2     	---        Mistake:       	---       	Black=1      Inaccurate:     	White=2     	---        OK:         	White=10    	Black=12     Best:        	White=1     	---        Strong:       	---       	Black=3} (37... g3 $142 38. Rxg3 Qc1+ (38... Rhxe5 39. Qg4 $15) (38... Rexe5 $2 39. Qxh5 Qc1+ 40. Qd1 $19) 39. Kf2 Rxh1 (39... Qxh1 $2 40. Qg4 $19) 40. Rh3 Rf8+ 41. Rf3 Rxf3+ 42. Kxf3 Rf1+ 43. Qxf1 Qxf1+ 44. Ke3 Qxg2 45. e6 Qe4+ (45... Qxb2 {leads to mate.} 46. Kd4 Qxa2 47. Ke5 Qc4 48. Kd6 Qxc3 49. Kxd5 Kf8 50. Kd6 Ke8 51. Kd5 Ke7 52. Ke4 Kxe6 53. Kf4 Qd3 54. Kg4 Qe3 55. Kh5 Qf4 56. Kg6 Qh6#) 46. Kf2 Qxe6 47. a4 g5 48. b4 g4 49. a5 Qf5+ 50. Ke3 g3 51. Kd4 g2 52. Kc5 g1=Q+ (52... g1=B+ {is a self mate.} 53. Kd6 Bh2+ 54. Kc5 Bc7 55. b5 Qe4 56. bxa6 Qc4#) 53. Kd6 Qh2+ 54. Kc5 Qc7+ 55. Kd4 Qe4#) 0-1

[Event "45th FIDE Olympiad 2024"]
[Site "Budapest"]
[Date "2024.09.18"]
[Round "7.12"]
[White "Samuel, Merhawi Gebrehiwet"]
[Black "Van Delden, Johan"]
[Result "1-0"]
[WhiteElo "1788"]
[BlackElo "1909"]
[Annotator "RC"]
[PlyCount "103"]
[EventDate "2024.09.05"]
[EventType "team-tourn"]
[EventCountry "HUN"]
[WhiteTeam "Eritrea"]
[BlackTeam "Netherlands Antilles"]
[WhiteTeamCountry "ERI"]
[BlackTeamCountry "AHO"]
[TimeControl "40/5400+30:1800+30"]

1. d4 d5 2. Nf3 Nf6 3. g3 e6 4. Bg2 Be7 5. O-O O-O 6. c4 c6 7. b3 Nbd7 8. Bb2 Qc7 9. Nbd2 Ne4 10. Nxe4 dxe4 11. Nd2 f5 12. e3 c5 13. Qc2 b6 14. f3 exf3 15. Nxf3 Bb7 16. Rad1 Rae8 17. Ne1 Bg5 18. Qd3 e5 19. Bxb7 Qxb7 20. d5 e4 21. Qe2 Qc7 22. Ng2 Ne5 23. Bxe5 Qxe5 24. Nf4 Bxf4 25. gxf4 Qf6 26. Kh1 Kh8 27. Rg1 Rg8 28. Rg5 Rd8 29. Rdg1 g6 30. Qf2 Rd7 31. Qg3 Rdg7 32. Qe1 Rc8 33. R5g2 Kg8 34. Qa1 Kf7 35. Qxf6+ Kxf6 36. h4 Rcg8 37. Kh2 h6 38. Kh3 g5 39. fxg5+ hxg5 40. Rxg5 Rxg5 41. Rxg5 Re8 42. Kg3 Ke5 43. h5 Rh8 44. Rg6 f4+ 45. exf4+ Kd4 46. h6 Kd3 47. Re6 Rg8+ 48. Kf2 Rg4 49. d6 Rxf4+ 50. Ke1 Rf8 51. d7 Ke3 52. Re8 1-0

[Event "45th FIDE Olympiad 2024"]
[Site "Budapest"]
[Date "2024.09.18"]
[Round "7.13"]
[White "Abdusattorov, Nodirbek"]
[Black "Volokitin, Andrei"]
[Result "1-0"]
[ECO "B87"]
[WhiteElo "2766"]
[BlackElo "2660"]
[Annotator "TA"]
[PlyCount "59"]
[EventDate "2024.09.05"]
[EventType "team-tourn"]
[EventCountry "HUN"]
[SourceTitle "playchess.com"]
[Source "ChessBase"]
[SourceQuality "1"]
[WhiteTeam "Uzbekistan"]
[BlackTeam "Ukraine"]
[WhiteTeamCountry "UZB"]
[BlackTeamCountry "UKR"]
[TimeControl "40/5400+30:1800+30"]

1. e4 c5 2. Nf3 d6 3. d4 cxd4 4. Nxd4 Nf6 5. Nc3 a6 6. Bc4 e6 7. Be3 Be7 8. Bb3 b5 9. a3 O-O 10. Qe2 Bb7 11. f3 Nbd7 12. O-O-O Nc5 13. Ba2 {[%emt 0:00:27][%cal Oe4e5] White has an edge.} Qa5 14. Qe1 (14. Bd2 {simplifies} Qb6 15. g4 Rfc8 16. g5) 14... b4 15. axb4 Qxb4 {[%emt 0:00:07] [#]} 16. Nd5 $1 Nxd5 (16... exd5 $2 17. Qxb4 a5 18. Qa3 $18) 17. exd5 Qa4 18. Kb1 Bxd5 19. Bxd5 exd5 20. Nf5 $1 Bf6 {[%emt 0:00:09][%cal Of6b2] White must now prevent ...Bxb2!} 21. Bd4 {[%emt 0:00:02] Active counter play!} Rfe8 22. Qc3 $36 {[%emt 0:00:17][%mdl 2048] White is in control. Chess con chili.} Nd7 23. b3 Qa3 24. Bxf6 (24. Rhe1 $5 Qc5 25. Bxc5 Bxc3 26. Rxe8+ (26. Nxd6 $2 {loses.} Rxe1 27. Rxe1 Bxe1 $19) 26... Rxe8 27. Bxd6 $14) 24... Nxf6 {[%emt 0:00:05] [#]} 25. Rxd5 $1 a5 {[%emt 0:07:00][%cal Ba6a5,Ba5a4][%mdl 32] [#]} (25... Rac8 26. Ra5) 26. Rhd1 $1 a4 {[%emt 0:04:17] Threatens to win with ...axb3.} (26... h5 27. Rb5) 27. Ra5 d5 (27... Rxa5 $142 28. Qxa5 Qc5 29. Qxc5 (29. Qxa4 $2 {is the wrong capture.} Qxf5 30. Rxd6 Re1+ 31. Kb2 Qe5+ 32. Qd4 Qxh2 $19) 29... dxc5) 28. Rd4 $16 Rac8 29. Qd2 ({But not} 29. Rdxa4 $2 Qxa4 $19) 29... Rc4 $2 (29... Re5 $16) 30. bxc4 {[%emt 0:00:26] White took control after the opening.   Weighted Error Value: White=0.01 (flawless) /Black=0.15 (very precise) .  Loses game:     	---       	Black=1      Mistake:       	---       	Black=1      Inaccurate:     	---       	Black=1      OK:         	White=10    	Black=6      Best:        	White=3     	---        Strong:       	White=1     	---        Brilliant:      	White=1     	---} 1-0

[Event "45th FIDE Olympiad 2024"]
[Site "Budapest"]
[Date "2024.09.18"]
[Round "7.13"]
[White "Cogan, Nicolas"]
[Black "Khan, Taffin"]
[Result "1-0"]
[WhiteElo "2112"]
[BlackElo "2066"]
[PlyCount "131"]
[EventDate "2024.09.05"]
[EventType "team-tourn"]
[EventCountry "HUN"]
[WhiteTeam "Cote d/^Ivoire"]
[BlackTeam "Guyana"]
[BlackTeamCountry "GUY"]
[TimeControl "40/5400+30:1800+30"]

1. d4 e6 2. c4 Bb4+ 3. Bd2 a5 4. a3 Bxd2+ 5. Qxd2 f5 6. Nc3 Nf6 7. e3 b6 8. Bd3 Bb7 9. f3 O-O 10. Nge2 Qe7 11. O-O c5 12. d5 Kh8 13. e4 d6 14. Nf4 fxe4 15. fxe4 Bc8 16. h3 e5 17. Nfe2 Na6 18. Ng3 g6 19. Rf3 Bd7 20. Raf1 Ng8 21. Bc2 Nc7 22. Ba4 Rxf3 23. Rxf3 Kg7 24. Bxd7 Qxd7 25. Qf2 Qe7 26. Nd1 Rf8 27. Ne3 Rxf3 28. Qxf3 Nh6 29. Ng4 Nf7 30. Qb3 h5 31. Nf2 Na8 32. Qb5 Qc7 33. Qe8 Qd8 34. Qc6 Kf8 35. Nd1 Qb8 36. Qd7 Qc7 37. Qe6 Kg7 38. Ne3 Nh6 39. Qe8 h4 40. Ngf1 Qb7 41. Qd8 Nf7 42. Qxh4 Qd7 43. g4 Qd8 44. Qxd8 Nxd8 45. h4 Nf7 46. Kf2 Nc7 47. Nd2 Ne8 48. Nb1 Nf6 49. Nc3 Kf8 50. Kf3 Ke7 51. Na4 Nd7 52. g5 Kd8 53. Kg4 Kc7 54. h5 Nf8 55. Nc3 Kd7 56. Na4 Kc7 57. Nc3 Kd7 58. Nf1 Kc7 59. Nd2 Kd7 60. Nf3 Nh8 61. Nh4 Ke7 62. Na4 Kf7 63. Nxb6 gxh5+ 64. Kxh5 Nhg6 65. Nxg6 Nxg6 66. Nc8 1-0

[Event "45th FIDE Olympiad 2024"]
[Site "Budapest"]
[Date "2024.09.18"]
[Round "7.14"]
[White "Ivanchuk, Vasyl"]
[Black "Yakubboev, Nodirbek"]
[Result "1/2-1/2"]
[ECO "C54"]
[WhiteElo "2635"]
[BlackElo "2666"]
[Annotator "TA"]
[PlyCount "141"]
[EventDate "2024.09.05"]
[EventType "team-tourn"]
[EventCountry "HUN"]
[SourceTitle "playchess.com"]
[Source "ChessBase"]
[SourceQuality "1"]
[WhiteTeam "Ukraine"]
[BlackTeam "Uzbekistan"]
[WhiteTeamCountry "UKR"]
[BlackTeamCountry "UZB"]
[TimeControl "40/5400+30:1800+30"]

1. e4 e5 2. Nf3 Nc6 3. Bc4 Bc5 4. c3 Nf6 5. d3 a5 6. Nbd2 {[%emt 0:02:04] C54: Giuoco Piano: 4 c3 Nf6, main lines with 5 d4 and 5 d3.} O-O 7. O-O d6 8. h3 h6 9. Re1 Be6 10. Bb5 Nd7 11. Nf1 d5 12. Ng3 Re8 13. Be3 Bf8 14. Qc2 $146 ({Predecessor:} 14. Qa4 Ne7 15. d4 c6 16. Bf1 dxe4 17. Nxe5 f5 18. Bc4 Nd5 19. Bxd5 cxd5 20. Ng6 {1-0 Vaibhav,S (2588)-Sargsyan,S (2631) AI Cup Play In rapid 2023 (9)}) 14... dxe4 15. dxe4 Na7 16. Ba4 c5 17. c4 Qc7 18. b3 Red8 19. Ne2 Nb6 20. Nc3 Nxa4 21. Nxa4 Nc6 22. Nxc5 Bxh3 23. gxh3 Nb4 24. Qc3 Bxc5 25. Bxc5 Qxc5 26. Nxe5 f6 27. a3 fxe5 28. axb4 axb4 29. Rxa8 Rxa8 30. Qd2 Qe7 31. Rd1 Rf8 32. Qe3 Rf4 33. f3 Qe6 34. Kg2 Rh4 35. Rh1 Kh7 36. Qf2 Rf4 $1 37. Rd1 (37. Rb1 $17) 37... Rf6 38. Qe3 Qe7 39. Kh2 Qf7 40. Rd3 Qh5 41. Qf2 Qg5 42. Qe3 Qh5 (42... Qh4 $17 {And now ...Rg6 would win.} 43. Rd1 Ra6) 43. Qf2 $1 $15 b6 44. Qe3 (44. h4 $15 {deserves consideration.}) 44... Qh4 $17 45. Rd2 Rg6 46. Rg2 Rd6 47. Rd2 Rf6 48. Rg2 Qh5 49. Kg3 Qg6+ 50. Kh2 Qf7 51. Rf2 Qf8 52. Kg2 Rg6+ 53. Kh2 Rf6 54. Kg2 $1 Qe7 55. Rd2 h5 ({Black should play} 55... Qf7 $17) 56. Kh2 Qf7 57. Rf2 Rf4 58. Kg2 Qg6+ 59. Kh2 Qf6 60. Kg2 Qe6 61. Kg3 (61. Rf1 $11) 61... h4+ $17 62. Kh2 Qg6 63. Rg2 Qf6 64. Rf2 Qg5 (64... Qh6 $1 $17 65. c5 bxc5 66. Qxc5 Qg6) 65. Rg2 $1 $15 Qd8 66. Rg1 Qf6 67. Rf1 {[%emt 0:00:00] [#]} (67. Kg2 $1 $11) 67... Qd6 (67... Qh6 $1 $17 68. c5 bxc5 69. Qxc5 Qg6) 68. Rg1 $11 Qf6 (68... Qd8 $11) 69. Rf1 $17 {[%emt 0:00:00] [#]} Qg6 (69... Qh6 $1 $17 70. c5 Rf6 71. Qxh6+ Kxh6 72. cxb6 Rxb6) 70. Rg1 $11 Qf6 (70... Qf7 $11 71. Qf2 Qf6 (71... Rxf3 72. Qxh4+ Kg8 73. Qd8+ Qf8 74. Qd5+ Kh8 75. Qxe5 $11)) 71. Rf1 1/2-1/2

[Event "45th FIDE Olympiad 2024"]
[Site "Budapest"]
[Date "2024.09.18"]
[Round "7.14"]
[White "Drayton, Anthony"]
[Black "De Gondo, Simplice Armel"]
[Result "1-0"]
[WhiteElo "1964"]
[BlackElo "2045"]
[PlyCount "97"]
[EventDate "2024.09.05"]
[EventType "team-tourn"]
[EventCountry "HUN"]
[WhiteTeam "Guyana"]
[BlackTeam "Cote d/^Ivoire"]
[WhiteTeamCountry "GUY"]
[TimeControl "40/5400+30:1800+30"]

1. d4 c5 2. d5 e5 3. dxe6 fxe6 4. e4 d5 5. Qh5+ g6 6. Qe5 Qf6 7. Qc7 Nc6 8. Bb5 Nge7 9. e5 Qf5 10. Nc3 a6 11. Ba4 d4 12. g4 Qxg4 13. f3 Qh4+ 14. Kf1 dxc3 15. Bxc6+ Nxc6 16. bxc3 Bg7 17. Qxg7 Rf8 18. Bh6 Qe7 19. Qxf8+ Qxf8 20. Bxf8 Kxf8 21. f4 Ne7 22. Ne2 Bd7 23. Kf2 Bc6 24. Rhd1 Bd5 25. a4 Rc8 26. Rab1 Rc7 27. Ng3 Bc6 28. Rd8+ Kg7 29. a5 Nd5 30. Ne4 Nxf4 31. Nxc5 Bb5 32. c4 Bc6 33. Rd6 Kf7 34. Ke3 g5 35. Rb6 Bd5 36. Rd7+ Rxd7 37. Nxd7 Bc6 38. Nc5 Ng6 39. Kd4 Nh4 40. Nxb7 Nf3+ 41. Ke3 Nxe5 42. Nd8+ Kf6 43. Nxc6 Nxc4+ 44. Kd4 Na3 45. Kc3 g4 46. Nd4 Kf7 47. Rb3 e5 48. Rxa3 exd4+ 49. Kxd4 1-0